 Dungeon Crawl Stone Soup version 0.28.0-53-g5a82cb258f (webtiles) character file.

Game seed: 2033582980123787971

7 purpskrrrp the Conjurer (level 1, 0/13 HPs)
             Began as a Demonspawn Wanderer on June 23, 2022.
             Slain by a quokka (1 damage)
             ... on level 1 of the Dungeon.
             The game lasted 00:00:39 (66 turns).

purpskrrrp the Conjurer (Demonspawn Wanderer)         Turns: 66, Time: 00:00:40

Health: 0/13       AC:  5    Str: 13    XL:     1   Next: 83%
Magic:  1/2        EV: 11    Int: 10    God:
Gold:   20         SH:  0    Dex: 14    Spells: 1/2 levels left

rFire   . . .      SeeInvis .   a - +0 hand axe
rCold   . . .      Faith    .   (no shield)
rNeg    . . .      Spirit   .   c - +0 leather armour
rPois   .          Reflect  .   b - +0 helmet
rElec   .          Harm     .   (no cloak)
rCorr   .          Rampage  .   (no gloves)
Will    .....                   d - +0 pair of boots
Stlth   +.........              (no amulet)
HPRegen 0.04/turn               (no ring)
MPRegen 0.08/turn               (no ring)

@: no status effects
A: no striking features
a: no special abilities


You were on level 1 of the Dungeon.
You visited 1 branch of the dungeon, and saw 1 of its levels.

You collected 20 gold pieces.

Inventory:

Hand Weapons
 a - a +0 hand axe (weapon)
Armour
 b - a +0 helmet (worn)
 c - a +0 leather armour (worn)
 d - a +0 pair of boots (worn)


   Skills:
 + Level 0.2 Fighting
 + Level 1.0 Axes
 + Level 1.0 Throwing
 + Level 1.7 Armour
 + Level 1.1 Dodging
 + Level 1.0 Spellcasting
 + Level 4.2 Conjurations


You had one spell level left.
You knew the following spells:

 Your Spells              Type           Power      Damage    Failure   Level
a - Foxfire               Conj/Fire      16%        2x1d4     19%         1

Your spell library contained the following spells:

 Spells                   Type           Power      Damage    Failure   Level
 Stone Arrow              Conj/Erth      8%         3d7       50%         3
 Flame Wave               Conj/Fire      4%         2d5       88%         4


Dungeon Overview and Level Annotations

Branches:
Dungeon (1/15)

Altars:


Message History

You kill the frilled lizard!
The endoplasm freezes you.
You are frozen.
You hit the endoplasm.
The endoplasm is severely wounded.
The endoplasm hits you.
You hit the endoplasm.
The endoplasm is almost dead.
The endoplasm hits you.
* * * LOW HITPOINT WARNING * * *
You hit the endoplasm.
You kill the endoplasm!
The bat barely misses you. The bat hits you but does no damage.
A quokka comes into view.
You see here a frilled lizard corpse.
You barely miss the bat. The bat misses you.
A bat comes into view.
You closely miss the bat. The bat hits you.
* * * LOW HITPOINT WARNING * * *
The bat barely misses you. The bat hits you but does no damage.
You hit the bat.
You kill the bat!
You hit the bat.
The bat barely misses you. x2; The bat closely misses you.
You hit the bat.
You kill the bat!
You barely miss the bat. The bat misses you. The bat closely misses you.
Casting: Foxfire (safe; 19% risk of failure)
Press: ? - help, Q - select action Dir - look around, f - activate You conjure some foxfire!
The foxfire hits the bat.
You kill the bat!
The quokka bites you.
* * * LOW HITPOINT WARNING * * *
Your foxfire dissipates!
Things that are here:
a +0 short sword; a kobold corpse You closely miss the quokka.
The quokka bites you.
You die...

## .. ##### .#
.....#### .# #..
#......###.#.....
#......@r††......
######..###......
##...<#....##.....
##...........##....
#.....###.....# .[.
##.....# #.....##
.. #.....##
##.....# . #..#..#
#..#..# #..#..#
#..#..#


You could see a quokka.

Vanquished Creatures
  3 bats (D:1)
  An endoplasm (D:1)
  A kobold (D:1)
  A frilled lizard (D:1)
6 creatures vanquished.

Notes
Turn   | Place    | Note
-------+----------+-------------------------------------------
     0 | D:1      | purpskrrrp the Demonspawn Wanderer began the quest for the
                  | Orb.
     0 | D:1      | purpskrrrp set off with the following items: a +0 hand axe,
                  | a +0 helmet, a +0 leather armour; and the following spell
                  | memorised: Foxfire; and the following spells available to
                  | memorise: Stone Arrow, Flame Wave
     0 | D:1      | Reached XP level 1. HP: 13/13 MP: 2/2
    66 | D:1      | Slain by a quokka

Illustrated notes

Levels and vault maps discovered:
D:1:      minmay_arrival_loop, layout_rooms, shapermc_ecumenical_altar_ellora,
          minmay_hedge_maze

Action                   || total
-------------------------++-------
Melee: Hand axe          ||    13
 Cast: Foxfire           ||     1
Armor: Leather armour    ||     3
Dodge: Dodged            ||    11
